 Dungeon Crawl Stone Soup version 0.32-a0-314-g526f7d4993 (webtiles) character file.

Game seed: 1990231062815778660

3242 TrayleKats the Fighter (level 9, -10/92 HPs)
             Began as a Minotaur Fighter on Feb 15, 2024.
             Mangled by a skeletal warrior
             ... wielding a +0 trident
              (22 damage)
             ... on level 6 of the Dungeon.
             The game lasted 00:10:46 (6221 turns).

TrayleKats the Fighter (Minotaur Fighter)           Turns: 6221, Time: 00:10:46

Health: -10/92     AC: 13    Str: 29    XL:     9   Next: 67%
Magic:  8/8        EV:  7    Int:  5    God:
Gold:   377        SH:  4    Dex: 10    Spells: 8/8 levels left

rFire   . . .        g - +12 hand axe of the Asp {freeze, rN++ rCorr Str+4}
rCold   . . .        c - +0 buckler
rNeg    + + .        y - +0 plate armour
rPois   .            (helmet restricted)
rElec   .            e - +0 cloak
rCorr   +            (no gloves)
SInv    +            f - +0 pair of boots
Will    .....        h - amulet of the acrobat Stlth
                     m - ring of see invisible
HPRegen 0.35/turn    (no ring)
MPRegen 0.11/turn

%: acrobat
@: hasted, very quick
A: horns 2, retaliatory headbutt
a: no special abilities


You were on level 6 of the Dungeon.
You visited 1 branch of the dungeon, and saw 7 of its levels.
You also visited: Ossuary.

You collected 377 gold pieces.

Inventory:

Hand Weapons
 a - a +1 war axe of electrocution
 g - the +12 hand axe of the Asp (weapon) {freeze, rN++ rCorr Str+4}
   (You found it on level 4 of the Dungeon)

   Str+4:     It affects your strength (+4).
   rN++:      It greatly protects you from negative energy.
   rCorr:     It protects you from acid and corrosion.
Missiles
 b - a throwing net
 n - 3 curare-tipped darts
 v - 11 poisoned darts
Armour
 c - a +0 buckler (worn)
 e - a +0 cloak (worn)
 f - a +0 pair of boots (worn)
 y - a +0 plate armour (worn)
Jewellery
 h - an amulet of the acrobat (around neck)
 m - a ring of see invisible (left hand)
 p - an amulet of regeneration
 z - a +5 ring of evasion
 D - a ring of positive energy
 M - a ring of protection from cold
Wands
 k - a wand of mindburst (21)
 l - a wand of flame (21)
 w - a wand of quicksilver (8)
Scrolls
 u - a scroll of vulnerability
 A - a scroll of identify
Potions
 i - 2 potions of cancellation
 j - a potion of magic
 o - a potion of haste
 q - a potion of resistance
 t - a potion of berserk rage
 x - a potion of invisibility
 C - a potion of mutation
 G - a potion of curing
 J - a potion of enlightenment
 K - 2 potions of might
 L - 2 potions of attraction {unknown}


   Skills:
 * Level 12.7 Fighting
 + Level 9.1 Axes
 - Level 5.0 Throwing
 - Level 3.6 Armour
 - Level 3.6 Shields


You had 8 spell levels left.
You didn't know any spells.
Your spell library contained the following spells:

 Spells                   Type           Power      Damage    Failure   Level
 Dazzling Flash           Conj/Hex       0%         N/A       100%        3
 Tukima's Dance           Hex            0%         N/A       100%        3
 Volatile Blastmotes      Fire/Tloc      0%         2d10      100%        3
 Dimensional Bullseye     Hex/Tloc       0%         N/A       100%        4
 Iskenderun's Mystic Bla  Conj/Tloc      0%         2d3       100%        4
 Starburst                Conj/Fire      0%         6d3       100%        6
 Maxwell's Capacitive Co  Air            0%         ∞         100%        8


Dungeon Overview and Level Annotations

Branches:
Dungeon (7/15)             Temple (0/1) D:6         Ossuary (visited)

Altars:
Ashenzari
Nemelex Xobeh
Sif Muna
The Shining One


Innate Abilities, Weirdness & Mutations

You have a pair of horns on your head.
You reflexively headbutt those who attack you in melee.


Message History

The skeletal warrior is heavily damaged.
The iceblast engulfs the skeletal warrior!
The skeletal warrior partially resists.
The skeletal warrior is almost destroyed.
Aiming: Iceblast
Press: ? - help, Q - select action, (/) - cycle Shift-Dir - straight line, f/p - skeletal warrior
Aim: a skeletal warrior, wielding a +0 long sword (heavily damaged)
The mass of ice explodes!
The iceblast engulfs the skeletal warrior but does no damage.
The skeletal warrior is heavily damaged.
The iceblast engulfs the skeletal warrior.
The skeletal warrior is almost destroyed.
The now-empty wand crumbles to dust.
Unknown command.
Aiming: Quicksilver Bolt
Press: ? - help, Shift-Dir - straight line, f/p - skeletal warrior
Aim: a skeletal warrior, wielding a +0 long sword (heavily damaged, 71% to hit)
The bolt of dispelling energy hits the skeletal warrior!
The skeletal warrior is severely damaged.
The bolt of dispelling energy misses the skeletal warrior.
Aiming: Quicksilver Bolt
Press: ? - help, Shift-Dir - straight line, f/p - skeletal warrior
Aim: a skeletal warrior, wielding a +0 long sword (severely damaged, 71% to hit)
The bolt of dispelling energy hits the skeletal warrior.
The skeletal warrior is severely damaged.
The bolt of dispelling energy hits the skeletal warrior but does no damage.
The skeletal warrior is almost destroyed.
Aiming: Quicksilver Bolt
Press: ? - help, Shift-Dir - straight line, f/p - skeletal warrior
Aim: a skeletal warrior, wielding a +0 long sword (severely damaged, 71% to hit)
The bolt of dispelling energy hits the skeletal warrior!
The skeletal warrior is almost destroyed.
The bolt of dispelling energy hits the skeletal warrior.
The skeletal warrior is almost destroyed.
You slash the skeletal warrior! You freeze the skeletal warrior.
The skeletal warrior is almost destroyed.
The skeletal warrior hits you with a +0 long sword!
* * * LOW HITPOINT WARNING * * *
The skeletal warrior hits you from afar with a +0 trident!!
You die...

....####..#..##.....##..#..##....
....##.##....###...###....##.....
....##..##...###...###...###.....
....#....#######...####### #.....
....'.....#..######### #.....
######....#..........# #....(
.....######..........# #.....
.....................# #.....
.(............zz@....# #.....
.(.........#########.# #.....
...........#......,#.# ####.....
############.>.#.>,### #........
.'....#....#.......# #........
.#...[#....######### #........
##..####.##.# #..######........
########.########..#.............
.........#.........#.....######..


You could see 2 skeletal warriors.

Vanquished Creatures
  Grinder (D:3)
  Menkaure (D:5)
  3 water moccasins
  Duvessa (D:4)
  An ogre (D:5)
  2 black bears (D:6)
  3 ice beasts (D:6)
  2 elf zombies (Ossuary)
  2 gnoll sergeants (D:5)
  An elf skeleton (D:5)
  A scorpion (D:6)
  Dowan (D:4)
  A centaur zombie (Ossuary)
  A spectral scorpion (Ossuary)
  5 human zombies
  2 bombardier beetles
  6 hounds
  A jelly (D:3)
  Jessica (D:3)
  2 gnoll boudas
  Terence (D:2)
  5 iguanas
  2 orc wizards (D:5)
  A human skeleton (D:5)
  2 crocodile zombies (Ossuary)
  3 spectral hounds (Ossuary)
  A scorpion simulacrum (Ossuary)
  2 mummies (Ossuary)
  Robin (D:2)
  22 gnolls
  4 adders
  3 hound simulacra (Ossuary)
  A shadow imp (D:5)
  A white imp (D:5)
  3 spectral gnolls (Ossuary)
  8 dart slugs
  A ribbon worm (D:3)
  4 adder simulacra (Ossuary)
  15 orcs
  9 bats
  3 endoplasms
  3 giant cockroaches
  15 goblins
  8 hobgoblins
  2 jackals (D:4)
  7 kobolds
  6 quokkas
  10 ball pythons
  6 frilled lizards
  2 gnoll simulacra (Ossuary)
  7 gnoll zombies (Ossuary)
  6 kobold zombies (Ossuary)
  2 orc skeletons (D:5)
  4 orc zombies
  7 rats
  5 spectral jackals (Ossuary)
220 creatures vanquished.

Notes
Turn   | Place    | Note
-------+----------+-------------------------------------------
     0 | D:1      | TrayleKats the Minotaur Fighter began the quest for the
                  | Orb.
     0 | D:1      | Reached XP level 1. HP: 19/19 MP: 0/0
    21 | D:1      | Reached skill level 4 in Fighting
   165 | D:1      | Reached XP level 2. HP: 27/27 MP: 1/1
   416 | D:1      | Reached XP level 3. HP: 33/34 MP: 2/2
   620 | D:1      | Reached skill level 5 in Fighting
   918 | D:2      | Noticed Robin
   920 | D:2      | Reached XP level 4. HP: 39/42 MP: 3/3
   930 | D:2      | Killed Robin
  1168 | D:2      | Noticed Terence
  1176 | D:2      | Killed Terence
  1177 | D:2      | Reached skill level 6 in Fighting
  1370 | D:2      | Reached XP level 5. HP: 47/50 MP: 4/4
  1677 | D:3      | Noticed Jessica
  1682 | D:3      | Killed Jessica
  1812 | D:3      | Noticed Grinder
  1815 | D:3      | Paralysed by Grinder for 2 turns
  1862 | D:3      | Reached skill level 1 in Throwing
  1950 | D:3      | Found Onid's Magic Scroll Shop.
  1966 | D:3      | Found a faded altar of an unknown god.
  2131 | D:3      | Killed Grinder
  2132 | D:3      | Reached skill level 7 in Fighting
  2132 | D:3      | Reached skill level 5 in Axes
  2132 | D:3      | Reached XP level 6. HP: 19/60 MP: 5/5
  2551 | D:4      | Found a broken altar of Ashenzari.
  2613 | D:4      | Reached XP level 7. HP: 64/67 MP: 6/6
  2817 | D:4      | Noticed Dowan
  2818 | D:4      | Noticed Duvessa
  2836 | D:4      | Killed Dowan
  2837 | D:4      | Reached skill level 8 in Fighting
  2844 | D:4      | Killed Duvessa
  3284 | D:4      | Identified the +12 hand axe of the Asp {freeze, rN++ rCorr
                  | Str+4}
  3667 | D:5      | Entered Level 5 of the Dungeon
  3744 | D:5      | Found a sand-covered staircase.
  3757 | Ossuary  | Entered an ossuary
  3793 | Ossuary  | Reached skill level 9 in Fighting
  3794 | Ossuary  | Reached XP level 8. HP: 78/78 MP: 7/7
  4035 | Ossuary  | Reached skill level 10 in Fighting
  4491 | D:5      | Noticed Menkaure
  4500 | D:5      | Killed Menkaure
  4539 | D:5      | Reached skill level 5 in Throwing
  4661 | D:5      | Reached XP level 9. HP: 86/86 MP: 8/8
  4724 | D:5      | Reached skill level 11 in Fighting
  5128 | D:5      | Found a glowing golden altar of the Shining One.
  5282 | D:5      | Found a sparkling altar of Nemelex Xobeh.
  5385 | D:6      | Reached skill level 12 in Fighting
  5757 | D:6      | Found a staircase to the Ecumenical Temple.
  5965 | D:6      | Found a shimmering blue altar of Sif Muna.
  6187 | D:7      | Noticed a skeletal warrior
  6187 | D:7      | Noticed a skeletal warrior
  6187 | D:7      | Noticed a skeletal warrior
  6187 | D:7      | Noticed a skeletal warrior
  6187 | D:7      | Noticed a skeletal warrior
  6221 | D:6      | Mangled by a skeletal warrior

Illustrated notes

Levels and vault maps discovered:
D:1:      dpeg_arrival_windows_large_door, layout_loops_ring,
          minmay_fountain_box, hangedman_feature_mirror
D:2:      layout_loops_ring, uniq_terence, uniq_robin
D:3:      layout_basic, hellmonk_ecumenical_altar_lost_god, serial_shops, shop,
          uniq_grinder, uniq_jessica
D:4:      layout_cave_pods, ashenzari_altar_1, uniq_duvessa
D:5:      minmay_angry_zag, layout_cave_pools, amcnicky_altar_gilded,
          nemelex_dance_club_becter, nicolae_ossuary_entry_catacombs,
          corexii_shack, uniq_menkaure
D:6:      layout_gridville, mainiacjoe_overflow_concentric_impassable,
          minmay_temple_entry_from_below_a, hangedman_glass_teeth
D:7:      minmay_the_grid_octo_tiled_octocenter [minmay_the_grid_octo_checkered,
          minmay_the_grid_octo_77, minmay_the_grid_octo_teeth,
          minmay_the_grid_octo_empty, minmay_the_grid_octo_prize_star,
          minmay_the_grid_square_5x5_two, minmay_the_grid_square_5x5_forky,
          minmay_the_grid_square_5x5_broken_cross,
          minmay_the_grid_square_5x5_doubleslash], layout_rooms,
          mainiacjoe_overflow_catwalk, uniq_pikel

Skill      XL: |  1  2  3  4  5  6  7  8  9 |
---------------+----------------------------+-----
Fighting       | 4 5 6 7 9 10 12 | 12.7
Axes           | 3 4 5 6 7 9 |  9.1
Throwing       | 2 3 5 |  5.0
Armour         | |  3.6
Shields        | |  3.6

Action                     |  1- 3 |  4- 6 |  7- 9 || total
---------------------------+-------+-------+-------++-------
  Melee: War axe           |    62 |    92 |    22 ||   176
         Headbutt          |    11 |    15 |    46 ||    72
         Hand axe          |       |       |   241 ||   241
  Throw: Javelin           |       |     8 |     6 ||    14
         Dart              |       |     3 |       ||     3
  Evoke: Wand              |       |       |    10 ||    10
    Use: Potion            |       |     1 |     3 ||     4
         Scroll            |       |       |    18 ||    18
 Armour: Scale mail        |    51 |    44 |       ||    95
         Plate armour      |       |    11 |   185 ||   196
  Dodge: Dodged            |    31 |    54 |    94 ||   179
  Block: Buckler           |     8 |    28 |    43 ||    79

Table legend: (Time is in decaauts)
 A = Elapsed time spent in this place.
 B = Non-inter-level travel time spent in this place.
 C = Inter-level travel time spent in this place.
 D = Time resting spent in this place.
 E = Time spent auto-exploring this place.
 F = Levels seen in this place.
 G = Mean time per level.
                   A        B        C        D        E       F      G
               +--------+--------+--------+--------+--------+-----+--------+
         Total |   6267 |   6072 |    195 |    903 |   3914 |   8 |  783.4 |
       Dungeon |   5924 |   5729 |    195 |    903 |   3712 |   7 |  846.3 |
       Ossuary |    343 |    343 |      0 |      0 |    202 |   1 |  343.0 |
               +--------+--------+--------+--------+--------+-----+--------+

Top non-repeatable levels by time:
     D:5: 1341 daAuts
     D:4: 1071 daAuts
     D:3: 988 daAuts
     D:2: 921 daAuts
     D:6: 850 daAuts
     D:1: 749 daAuts
 Ossuary: 343 daAuts
     D:7: 1 daAuts
